 Dungeon Crawl Stone Soup version 0.17.1-1-g73c8601 (webtiles) character file.

173 Rationalist the Skirmisher (level 5, 0/42 HPs)
             Began as a Demonspawn Berserker on Dec 23, 2015.
             Was a Believer of Trog.
             Slain by a gnoll
             ... wielding a +0 spear
              (2 damage)
             ... on level 2 of the Dungeon.
             The game lasted 00:06:21 (1571 turns).

Rationalist the Skirmisher (Demonspawn Berserker)   Turns: 1571, Time: 00:06:21

Health: 0/42       AC:  5    Str: 17    XL:     5   Next: 28%
Magic:  1/1        EV: 18    Int:  7    God:    Trog [**....]
Gold:   80         SH:  0    Dex: 18    Spells: 0 memorised, 4 levels left

rFire  . . .     SeeInvis .     j - +1 hand axe (antimagic)
rCold  . . .     Clarity  .     b - +0 animal skin
rNeg   . . .     SustAt   .     (no shield)
rPois  .         Gourm    .     (no helmet)
rElec  .         Spirit   .     (no cloak)
rCorr  .         Warding  .     (no gloves)
rMut   .         Stasis   .     (no boots)
MR     ++...                    (no amulet)
Stlth  ++........               (no ring)
                                (no ring)

@: agile, regenerating, drained, very resistant to hostile enchantments,
unstealthy
A: hooves 1, iridescent scales 1, blurry vision 1, deformed body, dopey 1,
powered by pain 1
a: Berserk, Trog's Hand, Burn Spellbooks, Renounce Religion


You were on level 2 of the Dungeon.
You worshipped Trog.
Trog was pleased with you.
You were not hungry.

You visited 1 branch of the dungeon, and saw 2 of its levels.

You collected 80 gold pieces.

Inventory:

Hand Weapons
 j - a +1 antimagic hand axe (weapon)
Missiles
 o - 5 javelins (quivered)
Armour
 b - a +0 animal skin (worn)
Jewellery
 e - an uncursed ring of fire {unknown}
Wands
 k - a wand of polymorph (6)
 q - a wand of invisibility (7)
Scrolls
 a - 2 scrolls of teleportation {unknown}
 g - a scroll of amnesia {unknown}
 h - a scroll of remove curse {unknown}
 i - a scroll of immolation {unknown}
 m - 2 scrolls of identify {unknown}
Potions
 l - a potion of magic {unknown}
 p - a potion of invisibility {unknown}
 r - a potion of mutation
Comestibles
 c - a bread ration
 d - 2 beef jerkies
 f - 2 chunks of flesh


   Skills:
 + Level 3.9(2.8) Fighting
 + Level 3.4(2.4) Axes
 + Level 1.8(0.8) Armour
 + Level 3.9(2.8) Dodging
 + Level 0.2(0.0) Stealth


You had 4 spell levels left.
You didn't know any spells.

Dungeon Overview and Level Annotations

Branches:
Dungeon (2/15)

Altars:
Okawaru


Innate Abilities, Weirdness & Mutations

You have large cloven feet.
You are partially covered in iridescent scales (AC +4).
You sometimes gain a little power by taking damage.
Scrolls take you a little longer to read.
Armour fits poorly on your strangely shaped body.
You are dopey. (Int -2)


Message History

* * * LOW HITPOINT WARNING * * *
The gnoll barely misses you. x2
You hit the gnoll.
You kill the gnoll!
Trog accepts your kill.
You hit the bat.
You kill the bat!
Trog accepts your kill.
You barely miss the gnoll.
The gnoll is lightly wounded.
You hit the gnoll.
The gnoll is severely wounded.
The gnoll hits you with a spear.
* * * LOW HITPOINT WARNING * * *
The gnoll barely misses you. The gnoll hits you but does no damage.
Drink which item? (? for menu, Esc to quit)
It was a potion of agility.
You feel agile all of a sudden. The gnoll closely misses you.
The gnoll hits you with a spear.
You die...

#........ #........
#........ #.(......
#........ #........
#†g..)...
########@g......
#.......?.......
#######...........####
#....................#
#).).................#
#.#####...........###8
#.# ########....# #.#
#...... ###'## ####...


You could see 2 gnolls.

Vanquished Creatures
  Ijyb (D:2)
  Jessica (D:2)
  Robin (D:2)
  4 adders (D:2)
  A gnoll (D:2)
  2 worms
  3 giant geckos
  A ball python (D:1)
  6 hobgoblins
  6 jackals (D:1)
  10 bats
  12 goblins
  5 kobolds
  8 rats
61 creatures vanquished.

Notes
Turn   | Place    | Note
--------------------------------------------------------------
     0 | D:1      | Rationalist the Demonspawn Berserker began the quest for the Orb.
     0 | D:1      | Reached XP level 1. HP: 18/18 MP: 1/1
   255 | D:1      | Gained mutation: You are partially covered in iridescent scales (AC +4). [demonic ancestry]
   255 | D:1      | Reached XP level 2. HP: 20/24 MP: 2/2
   852 | D:1      | Reached ** piety under Trog
   852 | D:1      | Reached XP level 3. HP: 29/29 MP: 1/3
  1174 | D:2      | Noticed Robin
  1236 | D:2      | Killed Robin
  1236 | D:2      | Gained mutation: You have large cloven feet. [demonic ancestry]
  1236 | D:2      | Reached XP level 4. HP: 7/36 MP: 1/4
  1273 | D:2      | Found an iron altar of Okawaru.
  1397 | D:2      | Noticed Jessica
  1410 | D:2      | Killed Jessica
  1506 | D:2      | Noticed Ijyb
  1520 | D:2      | Killed Ijyb
  1520 | D:2      | Gained mutation: You sometimes gain a little power by taking damage. [demonic ancestry]
  1520 | D:2      | Reached XP level 5. HP: 38/42 MP: 1/5
  1568 | D:2      | Gained mutation: Scrolls take you a little longer to read. [potion of mutation]
  1568 | D:2      | Gained mutation: Armour fits poorly on your strangely shaped body. [potion of mutation]
  1568 | D:2      | Gained mutation: You are dopey. (Int -2) [potion of mutation]
  1570 | D:2      | HP: 1/42 [gnoll/spear (6)]
  1571 | D:2      | Slain by a gnoll

Action                   |  1- 3 |  4- 6 || total
-------------------------+-------+-------++-------
Melee: Hand axe          |   168 |    40 ||   208
       Unarmed           |       |    10 ||    10
Invok: Trog's Hand       |     3 |     1 ||     4
       Berserk           |     1 |       ||     1
  Use: Potion            |     2 |     2 ||     4
 Stab: Sleeping          |     1 |       ||     1
  Eat: Chunk             |     1 |     3 ||     4
